 Dungeon Crawl Stone Soup version 0.30-a0-739-gea05faddec (webtiles) character file.

Game seed: 566898251175107868

170 jimonade the Magician (level 5, -1/36 HPs)
             Began as a Djinni Hedge Wizard on Feb 5, 2023.
             Killed by nerve-wracking pain
             ... invoked by a shadow imp
              (13 damage)
             ... in a sewer.
             The game lasted 00:05:51 (3133 turns).

jimonade the Magician (Djinni Hedge Wizard)         Turns: 3133, Time: 00:05:52

Health: -1/36      AC:  2    Str: 11    XL:     5   Next: 80%
Gold:   63         EV: 12    Int: 15    God:
                   SH:  0    Dex: 13

rFire   + + .      SeeInvis .    a - +0 dagger
rCold   . . .      Faith    .    (no shield)
rNeg    . . .      Spirit   .    b - +0 robe
rPois   ∞          Reflect  .    c - +0 hat
rElec   .          Harm     .    (no cloak)
rCorr   .          Rampage  .    (no gloves)
Will    .....                    (boots unavailable)
Stlth   ++                       (no amulet)
HPRegen 0.26/turn                l - ring of protection from cold
MPRegen 0.00/turn                (no ring)

@: flying
A: sickness immunity, fire resistance 2, cold vulnerability 1, float, innate
caster, HP casting, extra vitality 1
a: no special abilities


You were in a sewer.
You visited 1 branch of the dungeon, and saw 4 of its levels.
You also visited: Sewer.

You collected 63 gold pieces.

Inventory:

Hand Weapons
 a - a +0 dagger (weapon)
 w - a +1 spear of distortion
Missiles
 k - 5 boomerangs
 v - 9 poisoned darts
Armour
 b - a +0 robe (worn)
 c - a +0 hat (worn)
Magical Staves
 m - a staff of cold
Jewellery
 l - a ring of protection from cold (left hand)
 p - an amulet of the acrobat
Scrolls
 e - a scroll of identify {unknown}
 h - a scroll of blinking {unknown}
 i - 2 scrolls of amnesia {unknown}
 n - 2 scrolls of enchant weapon {unknown}
 t - a scroll of magic mapping {unknown}
Potions
 d - a potion of magic
 f - a potion of resistance {unknown}
 g - a potion of ambrosia {unknown}
 j - 2 potions of degeneration {unknown}
 o - a potion of might {unknown}
 q - 2 potions of curing {unknown}
 r - a potion of flight {unknown}
 s - 2 potions of attraction {unknown}
 u - a potion of invisibility {unknown}


   Skills:
 + Level 0.6 Fighting
 + Level 2.6 Dodging
 - Level 1.5 Stealth
 * Level 4.4 Spellcasting


You couldn't memorise any spells.
You knew the following spells:

 Your Spells              Type           Power      Damage    Failure   Level
a - Magic Dart            Conj           64%        1d6       2%          1
b - Slow                  Hex            64%        N/A       2%          1
c - Blink                 Tloc           32%        N/A       4%          2
d - Call Imp              Summ           16%        N/A       4%          2
e - Mephitic Cloud        Conj/Pois/Air  16%        N/A       9%          3
f - Shock                 Conj/Air       64%        1d7       2%          1
g - Scorch                Fire           32%        2d7       4%          2
Your spell library was empty.

Dungeon Overview and Level Annotations

Branches:
Dungeon (4/15)              Sewer (1/1)
 Temple: D:4-7

Altars:


Innate Abilities, Weirdness & Mutations

You are immune to sickness and miasma.
You are immune to poison.
Your flesh is very heat resistant. (rF++)
You are vulnerable to cold. (rC-)
You float through the air rather than walking.
You learn spells naturally, not from books.
Your magical power is your life essence.
You have superior vitality. (+4 MHP)


Message History

The wight is severely damaged.
The wight's fire resistance burns away.
Casting: Scorch (safe; 4% risk of failure)
Confirm with . or Enter, or press ? or * to list all spells.
Flames lash the wight.
The wight is burned terribly!
You destroy the wight!
The kobold throws a stone.
The stone hits you but does no damage.
A kobold comes into view. It is wielding a +0 short sword.
Casting: Scorch (safe; 4% risk of failure)
Confirm with . or Enter, or press ? or * to list all spells.
You can't see any susceptible monsters within range! (Use Z to cast anyway.)
Casting: Scorch (safe; 4% risk of failure)
Confirm with . or Enter, or press ? or * to list all spells.
You can't see any susceptible monsters within range! (Use Z to cast anyway.)
The giant cockroach is no longer more vulnerable to fire.
You start resting.
A kobold is nearby! 2 kobolds come into view.
The endoplasm quivers.
The kobold shouts!
You hear a shout! x2
A kobold comes into view. It is wielding a +0 dagger.
The kobold moves out of view.
The kobold shouts!
A necrophage comes into view.
A shadow imp comes into view.
Casting: Scorch (safe; 4% risk of failure)
Confirm with . or Enter, or press ? or * to list all spells.
Flames lash the endoplasm.
The endoplasm is heavily wounded.
The endoplasm's fire resistance burns away.
Casting: Scorch (safe; 4% risk of failure)
Confirm with . or Enter, or press ? or * to list all spells.
Flames lash the giant cockroach.
You kill the giant cockroach!
Casting: Scorch (safe; 4% risk of failure)
Confirm with . or Enter, or press ? or * to list all spells.
Flames lash the kobold.
You kill the kobold!
The shadow imp gestures at you. Pain shoots through your body!
You die...

.⌠. ...
#############'######
#≈≈≈#≈≈≈≈≈~#KZ.#~≈≈
#≈~.)≈).≈~~.KK5.~
#≈~)#).....#Jn.#
#≈~.#K#######≈##
#≈~~#.)K)..#≈≈≈#
#~~.#≈~~~..#≈@≈#...
#≈≈≈#≈~≈≈~.K.≈...~≈≈~
#≈≈≈#≈≈≈≈≈~#...#≈≈~≈≈
#≈≈≈#≈≈≈≈≈≈≈...#≈≈≈≈≈
#≈≈≈#≈≈≈≈≈≈#...# ≈≈≈≈
#≈≈≈#≈≈≈≈≈~#...~≈≈≈≈≈
#≈≈~#≈≈≈≈≈≈#...#≈≈≈≈≈
#≈≈≈#≈≈≈≈≈≈≈...#≈≈≈
#≈≈≈#≈≈≈≈≈~≈...≈ ≈≈


You could see a necrophage, a shadow imp, a giant cockroach zombie, an endoplasm
(combustible) and 4 kobolds.

Vanquished Creatures
  A wight (Sewer)
  A shadow imp (Sewer)
  2 ufetubi (Sewer)
  A worm (D:2)
  3 dart slugs (D:2)
  6 orcs (D:3)
  4 ball pythons
  7 endoplasms
  4 giant cockroaches
  6 goblins
  3 hobgoblins
  A jackal (D:2)
  5 quokkas
  7 bats
  3 frilled lizards (D:2)
  22 kobolds
  3 rats (D:2)
79 creatures vanquished.

Vanquished Creatures (collateral kills)
  A kobold (D:2)
1 creature vanquished.

Vanquished Creatures (others)
  A plant (D:4)
1 creature vanquished.

Grand Total: 81 creatures vanquished

Notes
Turn   | Place    | Note
-------+----------+-------------------------------------------
     0 | D:1      | jimonade the Djinni Hedge Wizard began the quest for the
                  | Orb.
     0 | D:1      | jimonade set off with the following spells memorised: Magic
                  | Dart, Slow, Blink, Call Imp, Mephitic Cloud.
     0 | D:1      | Reached XP level 1. HP: 15/15 MP: 0/0
   269 | D:1      | Reached XP level 2. HP: 18/21 MP: 0/0
   449 | D:1      | Reached skill level 3 in Spellcasting
   961 | D:1      | Reached XP level 3. HP: 23/25 MP: 0/0
   961 | D:1      | Learned a level 1 spell: Shock
  1751 | D:2      | Reached XP level 4. HP: 30/31 MP: 0/0
  2661 | D:4      | Found a glowing drain.
  2665 | Sewer    | Entered a sewer
  2911 | Sewer    | Reached skill level 4 in Spellcasting
  2939 | Sewer    | Reached XP level 5. HP: 16/36 MP: 0/0
  2939 | Sewer    | Learned a level 2 spell: Scorch
  3133 | Sewer    | Killed from afar by a shadow imp

Illustrated notes

Levels and vault maps discovered:
D:1:      sevenhm_arrival_forest_fort_small_5, layout_basic, chequers_garden,
          feat_on_display
D:2:      layout_rooms, minmay_randomly_rotated_circles
D:3:      layout_rooms, uniq_grinder
D:4:      layout_basic, serial_shops, kennysheep_mini, gup_sewer_entry_bowl,
          amethyst_killhole, serial_bayou_pond_a
Sewer:    kennysheep_sewer_church

Skill      XL: |  1  2  3  4 |
---------------+-------------+-----
Spellcasting   | 3 4 |  4.4
Fighting       | |  0.6
Dodging        | |  2.6
Stealth        | |  1.5

Action                     |  1- 3 |  4- 6 || total
---------------------------+-------+-------++-------
  Melee: Dagger            |     1 |    24 ||    25
         Punch             |       |     1 ||     1
   Cast: Magic Dart        |    89 |    84 ||   173
         Call Imp          |     2 |       ||     2
         Mephitic Cloud    |       |    10 ||    10
         Scorch            |       |    17 ||    17
   Stab: Confused          |       |     4 ||     4
 Armour: Robe              |     2 |     7 ||     9
  Dodge: Dodged            |     8 |    48 ||    56

Table legend: (Time is in decaauts)
 A = Elapsed time spent in this place.
 B = Non-inter-level travel time spent in this place.
 C = Inter-level travel time spent in this place.
 D = Time resting spent in this place.
 E = Time spent auto-exploring this place.
 F = Levels seen in this place.
 G = Mean time per level.
                   A        B        C        D        E       F      G
               +--------+--------+--------+--------+--------+-----+--------+
         Total |   3133 |   3042 |     91 |    484 |   2079 |   5 |  626.6 |
       Dungeon |   2665 |   2574 |     91 |    301 |   1877 |   4 |  666.2 |
         Sewer |    467 |    467 |      0 |    183 |    202 |   1 |  467.0 |
               +--------+--------+--------+--------+--------+-----+--------+

Top non-repeatable levels by time:
     D:1: 1256 daAuts
     D:2: 908 daAuts
   Sewer: 467 daAuts
     D:3: 343 daAuts
     D:4: 157 daAuts
